 Dungeon Crawl Stone Soup version 0.25-a0-577-ga4619f409e (webtiles) character file.

Game seed: 9560433668483872235, levelgen mode: deterministic

4387 Flugslaktarn the Cleaver (level 10, -6/91 HPs)
             Began as a Deep Dwarf Fighter on Mar 2, 2020.
             Was a Priest of Makhleb.
             Killed from afar by an ice dragon (shapeshifter) (37 damage)
             ... with a blast of cold
             ... on level 8 of the Dungeon.
             The game lasted 00:03:46 (4295 turns).

Flugslaktarn the Cleaver (Deep Dwarf Fighter)       Turns: 4295, Time: 00:03:47

Health: -6/91      AC: 21    Str: 23    XL:     10   Next: 13%
Magic:  10/10      EV:  6    Int:  9    God:    Makhleb [***...]
Gold:   352        SH: 11    Dex: 12    Spells: 9/9 levels left

rFire    . . .     SeeInvis .   a - +0 war axe
rCold    . . .     Gourm    .   c - +0 kite shield
rNeg     . . .     Faith    .   f - +0 chain mail
rPois    .         Spirit   .   k - +0 helmet
rElec    .         Reflect  .   j - +2 cloak
rCorr    .         Harm     .   g - +1 pair of gloves
MR       +....                  h - +0 pair of boots
Stlth    ..........             (no amulet)
HPRegen  0.00/turn              p - +2 ring of protection
MPRegen  0.12/turn              (no ring)

@: non-regenerating
A: damage resistance, heal wounds, sense surroundings 2, no regeneration
a: Heal Wounds, Minor Destruction, Lesser Servant of Makhleb, Renounce Religion


You were on level 8 of the Dungeon.
You worshipped Makhleb.
Makhleb was most pleased with you.
You were not hungry.

You visited 2 branches of the dungeon, and saw 9 of its levels.

You collected 352 gold pieces.

Inventory:

Hand Weapons
 a - a +0 war axe (weapon)
 d - a -3 broad axe
   (You found it on level 7 of the Dungeon)
Armour
 c - a +0 kite shield (worn)
 f - a +0 chain mail (worn)
   (You found it on level 1 of the Dungeon)
 g - a +1 pair of gloves (worn)
   (You found it on level 4 of the Dungeon)
 h - a +0 pair of boots (worn)
   (You found it on level 5 of the Dungeon)
 j - a +2 cloak (worn)
   (You found it on level 4 of the Dungeon)
 k - a +0 helmet (worn)
   (You found it on level 6 of the Dungeon)
Jewellery
 p - a +2 ring of protection (left hand)
   (You found it on level 5 of the Dungeon)
Wands
 l - a wand of acid (8)
   (You found it on level 8 of the Dungeon)
Scrolls
 b - a scroll of holy word
 m - a scroll of immolation
 t - 4 scrolls of teleportation
 x - 2 scrolls of remove curse
Potions
 q - 2 potions of curing
 s - a potion of flight {unknown}
 u - a potion of ambrosia
 w - a potion of heal wounds
 z - a potion of stabbing {unknown}
Comestibles
 e - 17 rations


   Skills:
 + Level 6.2 Fighting
 * Level 9.7 Axes
 + Level 7.4 Armour
 + Level 7.4 Shields
 + Level 7.4 Invocations


You had 9 spell levels left.
You didn't know any spells.
Your spell library was empty.

Dungeon Overview and Level Annotations

Branches:
Dungeon (8/15)             Temple (1/1) D:4            Lair (0/6) D:8

Altars:
Ashenzari
Cheibriados
Dithmenos
Fedhas
Hepliaklqana
Kikubaaqudgha
Makhleb
Okawaru
Ru
Sif Muna
Trog
Uskayaw
Vehumet
Wu Jian
Xom
Yredelemnul
Zin
The Shining One

Shops:
D:6 %


Innate Abilities, Weirdness & Mutations

You are resistant to damage.
You can heal yourself by infusing magical energy.
You passively map the area around you.
You do not regenerate.


Message History

You slash the ice dragon!
The ice dragon is heavily wounded.
The ice dragon breathes frost at you. The blast of cold hits you!!
* * * LOW HITPOINT WARNING * * *
You hit the ice dragon but do no damage.
The ice dragon is heavily wounded.
The ice dragon bites you.
* * * LOW HITPOINT WARNING * * *
The ice dragon claws you!
* * * LOW HITPOINT WARNING * * *
The ice dragon tramples you but does no damage.
You feel much better.
The ice dragon is no longer covered in acid.
You block the ice dragon's attack. x2; The ice dragon barely misses you.
You slice the ice dragon!!
The ice dragon is severely wounded.
The ice dragon breathes frost at you. The blast of cold hits you!!!
You die...

#(# #)#
#)##### **
#)#...##* ,,
#...#..#.
##...##...#
,,
##....###.##*
,
#..###.##.##,
#.@.###.#.#.*
*
#.D..####.##
*
#..#.....⌠..
*
#....####.##*
,
#...###.#.#,*
,,*
#..###.##.# *
#.....###.# *
,,
#.....##...**
#.....#..#.,*
,


You could see an ice dragon shaped shifter.

Vanquished Creatures
  A cyclops (D:7)
  A hornet (D:7)
  A hippogriff (D:7)
  A wyvern (D:7)
  2 yaks
  3 hogs (D:7)
  A human (D:7)
  A water moccasin (D:7)
  2 sky beasts
  2 phantoms
  2 black bears
  An orc warrior (D:6)
  2 ogres (D:7)
  A centaur (D:7)
  3 big kobolds
  2 bullfrogs (D:7)
  A water moccasin zombie (D:8)
  3 scorpions
  5 wights (D:6)
  5 crimson imps
  3 hounds
  2 orc priests
  2 centaur skeletons
  2 iguanas
  4 orc wizards (D:7)
  5 worker ants
  A hound skeleton (D:4)
  2 worker ant zombies
  9 gnolls
  4 adders
  3 shadow imps
  An ooze (D:2)
  2 adder skeletons (D:7)
  3 worms
  A dart slug (D:4)
  4 leopard geckos
  9 orcs
  2 giant cockroaches
  A goblin (D:3)
  A hobgoblin (D:1)
  10 jackals
  4 quokkas
  A ball python (D:7)
  3 frilled lizards
  15 kobolds
  2 leopard gecko skeletons
  A leopard gecko zombie (D:5)
  A quokka skeleton (D:5)
138 creatures vanquished.

Notes
Turn   | Place    | Note
-------+----------+-------------------------------------------
     0 | D:1      | Flugslaktarn the Deep Dwarf Fighter began the quest for the
                  | Orb.
     0 | D:1      | Reached XP level 1. HP: 20/20 MP: 1/1
    67 | D:1      | Reached XP level 2. HP: 14/27 MP: 2/2
    99 | D:2      | Found a hazy altar of Hepliaklqana.
   176 | D:3      | Found a glowing golden altar of the Shining One.
   195 | D:3      | Reached skill level 3 in Axes
   201 | D:4      | Found a shimmering altar of Xom.
   201 | D:4      | Found a radiant altar of Vehumet.
   201 | D:4      | Found a glowing silver altar of Zin.
   205 | D:4      | Reached XP level 3. HP: 33/33 MP: 2/2
   313 | D:4      | Reached XP level 4. HP: 35/42 MP: 3/3
   334 | D:4      | Reached skill level 4 in Axes
   375 | D:4      | Found a staircase to the Ecumenical Temple.
   385 | D:4      | Found a bloodstained altar of Trog.
   387 | Temple   | Entered the Ecumenical Temple
   576 | Temple   | Became a worshipper of Makhleb the Destroyer
   716 | D:4      | Reached XP level 5. HP: 39/49 MP: 4/4
   927 | D:4      | Noticed a phantom
  1029 | D:4      | Killed a phantom
  1029 | D:4      | Reached skill level 1 in Invocations
  1029 | D:4      | Reached XP level 6. HP: 25/56 MP: 4/6
  1153 | D:5      | Entered Level 5 of the Dungeon
  1194 | D:5      | Noticed a sky beast
  1285 | D:5      | Killed a sky beast
  1285 | D:5      | Reached skill level 5 in Axes
  1355 | D:5      | Reached XP level 7. HP: 61/63 MP: 4/4
  1690 | D:5      | Reached skill level 5 in Armour
  1690 | D:5      | Reached skill level 5 in Shields
  1805 | D:5      | Reached * piety under Makhleb
  2279 | D:5      | Reached skill level 6 in Axes
  2420 | D:6      | Reached XP level 8. HP: 46/73 MP: 5/7
  2606 | D:6      | Found Uhynug's Food Shoppe.
  2906 | D:7      | Noticed a hornet
  2929 | D:7      | Reached skill level 7 in Axes
  2940 | D:7      | Noticed a cyclops
  2963 | D:7      | Killed a cyclops
  2963 | D:7      | Reached skill level 5 in Fighting
  2963 | D:7      | Reached skill level 5 in Invocations
  2983 | D:7      | Noticed a hippogriff
  3001 | D:7      | Killed a hippogriff
  3001 | D:7      | Gained mutation: You passively map the area around you.
                  | [Deep Dwarf growth]
  3001 | D:7      | Reached XP level 9. HP: 72/81 MP: 6/8
  3005 | D:7      | Reached skill level 8 in Axes
  3150 | D:7      | Reached ** piety under Makhleb
  3397 | D:7      | Reached skill level 9 in Axes
  3814 | D:7      | Reached *** piety under Makhleb
  3814 | D:7      | Reached XP level 10. HP: 75/91 MP: 10/10
  4243 | D:8      | Noticed a shock serpent
  4248 | D:8      | a shock serpent changed into a tyrant leech
  4259 | D:8      | Noticed an ettin
  4259 | D:8      | a tyrant leech changed into an ettin
  4268 | D:8      | Noticed a great orb of eyes
  4268 | D:8      | an ettin changed into a great orb of eyes
  4275 | D:8      | Noticed an ice dragon
  4275 | D:8      | a great orb of eyes changed into an ice dragon
  4285 | D:8      | HP: 3/91 [ice dragon (shapeshifter)/blast of cold (26)]
  4295 | D:8      | Killed from afar by an ice dragon (shapeshifter)

Levels and vault maps discovered:
D:1:      dpeg_arrival_rooms_b, layout_rooms
D:2:      wad_woods_tower, layout_loops_ring, nicolae_overflow_crystal_walls,
          chequers_ecumenical_altar_simple
D:3:      layout_rooms, grunt_gozag_statues, overflow_temple_1_default,
          overflow_temple_1_default, overflow_temple_1_default, serial_bayou,
          serial_bayou_ford_a, serial_bayou_crossing, serial_bayou_lagoon_b,
          serial_bayou_pond_b, serial_bayou_pond_c, first_ration
D:4:      minmay_chambers_of_fours, layout_loops_ring,
          chequers_temple_overflow_statue_of_worship, overflow_temple_1_default,
          minmay_temple_entry_mini_moons
D:5:      black_bear_nest_1, layout_basic, portal_sewer_entry_d,
          grunt_ministairs_5
D:6:      layout_cave_pools, serial_shops, shop, item_on_display_b
D:7:      layout_gridville, grunt_livestock, minmay_joined_circles
D:8:      layout_loops_ring, minmay_lair_entry_grove, basic_altar, serial_shops,
          shop_fountains, kb_rosetta, uniq_maurice
Temple:   hc_temple_tempest_star

Skill      XL: |  1  2  3  4  5  6  7  8  9 |
---------------+----------------------------+-----
Axes           | 3 4 5 6 7 9 |  9.7
Fighting       | 3 4 5 6 |  6.2
Armour         | 4 5 6 7 |  7.4
Shields        | 4 5 6 7 |  7.4
Invocations    | 1 2 4 5 7 |  7.4

Action                   |  1- 3 |  4- 6 |  7- 9 | 10-12 || total
-------------------------+-------+-------+-------+-------++-------
Melee: War axe           |    55 |   246 |   375 |   110 ||   786
       Broad axe         |       |       |    49 |       ||    49
 Abil: Heal Wounds       |     1 |     6 |     8 |     5 ||    20
Evoke: Wand              |       |       |       |     2 ||     2
  Use: Scroll            |       |     3 |    10 |       ||    13
       Potion            |       |       |     1 |       ||     1
  Eat: Chunk             |       |     1 |    10 |     2 ||    13
Armor: Chain mail        |    61 |   156 |   287 |    53 ||   557
       Scale mail        |     1 |       |       |       ||     1
Dodge: Dodged            |    25 |    45 |   141 |    15 ||   226
Block: Kite shield       |    33 |    97 |   284 |    41 ||   455

Table legend:
 A = Non-vault XP
 B = Vault XP
 C = Vault XP percentage of total XP
 D = Non-vault monster count
 E = Vault monster count
 F = Vault count percentage of total count
                 A         B        C        D         E       F
            +---------+---------+-------+---------+---------+-------
      Total |    3560 |    2708 |  43.2 |     107 |      31 |  22.5
            +---------+---------+-------+---------+---------+-------
        D:1 |      18 |       0 |   0.0 |      10 |       0 |   0.0
        D:2 |      15 |       2 |  11.8 |       3 |       1 |  25.0
        D:3 |       4 |       0 |   0.0 |       2 |       0 |   0.0
        D:4 |     193 |     159 |  45.2 |      12 |       4 |  25.0
        D:5 |     555 |     274 |  33.1 |      20 |       3 |  13.0
        D:6 |     593 |       0 |   0.0 |      17 |       0 |   0.0
        D:7 |    1779 |    2063 |  53.7 |      30 |      21 |  41.2
        D:8 |     403 |     210 |  34.3 |      13 |       2 |  13.3
            +---------+---------+-------+---------+---------+-------
